 Dungeon Crawl Stone Soup version 0.22.0-75-g3901e79 (webtiles) character file.

87 Defined the Poker (level 4, 0/36 HPs)
             Began as a Gnoll Chaos Knight on Sept 15, 2018.
             Was an Initiate of Cheibriados.
             Slain by an adder (3 damage)
             ... on level 3 of the Dungeon.
             The game lasted 00:05:35 (1508 turns).

Defined the Poker (Gnoll Chaos Knight)              Turns: 1508, Time: 00:05:36

Health: 0/36       AC:  5    Str: 13 (15) XL:     4   Next: 51%
Magic:  5/5        EV: 13    Int: 13 (16) God:    Cheibriados [......]
Gold:   99         SH:  0    Dex: 13 (16) Spells: 5/5 levels left

rFire    . . .     SeeInvis .   p - +0 mace
rCold    . . .     Gourm    .   (no shield)
rNeg     . . .     Faith    .   b - +2 leather armour
rPois    .         Spirit   .   (no helmet)
rElec    .         Reflect  .   (no cloak)
rCorr    .         Harm     .   (no gloves)
MR       .....                  (no boots)
Stlth    +.........             (no amulet)
HPRegen  0.12/turn              h - ring of wizardry
MPRegen  0.09/turn              (no ring)

@: lethally poisoned (0 -> -2), very slow
A: distributed training, fangs 1, frail 1, MP-powered wands, sturdy frame 1,
strong nose
a: Bend Time, Renounce Religion


You were on level 3 of the Dungeon.
You worshipped Cheibriados.
Cheibriados was noncommittal.
You were not hungry.

You visited 1 branch of the dungeon, and saw 3 of its levels.

You collected 99 gold pieces.

Inventory:

Hand Weapons
 p - a +0 mace (weapon)
Armour
 b - a +2 leather armour (worn)
Jewellery
 h - a ring of wizardry (left hand)
Scrolls
 n - a scroll of identify {unknown}
Potions
 g - a potion of degeneration
Comestibles
 c - 5 rations


   Skills:
 + Level 6.6 Fighting
 + Level 1.1 Short Blades
 + Level 1.1 Long Blades
 + Level 1.1 Axes
 + Level 1.1 Maces & Flails
 + Level 6.6 Polearms
 + Level 1.1 Staves
 + Level 1.1 Slings
 + Level 1.1 Bows
 + Level 1.1 Crossbows
 + Level 1.1 Throwing
 + Level 4.6 Armour
 + Level 2.7 Dodging
 + Level 1.1 Stealth
 + Level 1.1 Shields
 + Level 1.1 Unarmed Combat
 + Level 1.1 Spellcasting
 + Level 0.9 Conjurations
 + Level 0.9 Hexes
 + Level 0.9 Charms
 + Level 0.9 Summonings
 + Level 0.9 Necromancy
 + Level 0.9 Translocations
 + Level 0.9 Transmutations
 + Level 0.9 Fire Magic
 + Level 0.9 Ice Magic
 + Level 0.9 Air Magic
 + Level 0.9 Earth Magic
 + Level 0.9 Poison Magic
 + Level 1.2 Invocations
 + Level 1.1 Evocations


You had 5 spell levels left.
You didn't know any spells.
Your spell library was empty.

Dungeon Overview and Level Annotations

Branches:
Dungeon (3/15)

Altars:
Cheibriados
Makhleb
Ru


Innate Abilities, Weirdness & Mutations

Your experience applies equally to all skills.
You have very sharp teeth.
Your uncanny sense of smell can sniff out nearby items.
You are frail. (-10% HP)
You expend magic power (3 MP) to strengthen your wands.
Your movements are slightly less encumbered by armour. (ER -2)


Message History

The adder closely misses you. The adder bites you but does no damage.
As you read the scroll labeled FUKEYT LOMIOGADIV, it crumbles to dust.
It is a scroll of amnesia.
You feel forgetful for a moment. The adder skeleton misses you.
The adder bites you.
* * * LOW HITPOINT WARNING * * *
The orc priest closely misses you. The adder bites you.
* * * LOW HITPOINT WARNING * * *
The goblin unwields an uncursed hunting sling.
The goblin wields an uncursed club.
The goblin hits you with an uncursed club.
* * * LOW HITPOINT WARNING * * *
The orc barely misses you.
The adder skeleton bites you but does no damage.
As you read the scroll labeled EMAEW ASYHEUCK, it crumbles to dust.
You hear a crunching sound.
It was a scroll of random uselessness.
* * * LOW HITPOINT WARNING * * *
You feel sick. The adder bites you.
You die...

#...## #.........# r...#
#....?....# #.#.#
#..)......# #.#.#
#.........# #...#
#.g........
##.(###........## #
#r..($(.(........
...##.##Sg.....#########
..g...o@Sgg....#
...##oogZg....##
..o.#hg.....#
#..#.#..$)...#
##[#........... .....
..##.....#... .....
#..#)....#....#.....
#.........# .......
##....#?..S## .......


You could see an orc priest, 3 gnolls, 2 adders, 3 orcs, a jackal, 2 hobgoblins,
2 goblins, a rat and an adder skeleton.

Vanquished Creatures
  Jessica (D:2)
  A gnoll (D:1)
  2 dart slugs (D:1)
  8 bats
  4 giant cockroaches
  A goblin (D:1)
  10 hobgoblins
  9 kobolds
  A quokka (D:3)
  3 ball pythons
  A rat (D:1)
41 creatures vanquished.

Notes
Turn   | Place    | Note
-------+----------+-------------------------------------------
     0 | D:1      | Defined the Gnoll Chaos Knight began the quest for the Orb.
     0 | D:1      | Reached XP level 1. HP: 23/23 MP: 1/1
    45 | D:1      | Reached XP level 2. HP: 27/29 MP: 2/2
   263 | D:1      | Reached XP level 3. HP: 32/35 MP: 3/3
   348 | D:1      | XOM: harmless Necr miscast
   375 | D:1      | XOM: divination: detect items
   730 | D:2      | Reached skill level 1 in Invocations
   749 | D:2      | Found a burning altar of Makhleb.
   749 | D:2      | Noticed a blizzard demon
   852 | D:2      | Found a sacrificial altar of Ru.
   916 | D:2      | Found a snail-covered altar of Cheibriados.
   940 | D:2      | Fell from the grace of Xom
   940 | D:2      | Became a worshipper of Cheibriados the Contemplative
   981 | D:2      | Noticed Jessica
   995 | D:2      | Killed Jessica
   995 | D:2      | Reached skill level 1 in Short Blades
   995 | D:2      | Reached skill level 1 in Long Blades
   995 | D:2      | Reached skill level 1 in Axes
   995 | D:2      | Reached skill level 1 in Maces & Flails
   995 | D:2      | Reached skill level 1 in Staves
   995 | D:2      | Reached skill level 1 in Slings
   995 | D:2      | Reached skill level 1 in Bows
   995 | D:2      | Reached skill level 1 in Crossbows
   995 | D:2      | Reached skill level 1 in Throwing
   995 | D:2      | Reached skill level 1 in Stealth
   995 | D:2      | Reached skill level 1 in Shields
   995 | D:2      | Reached skill level 1 in Unarmed Combat
   995 | D:2      | Reached skill level 1 in Spellcasting
   995 | D:2      | Reached skill level 1 in Evocations
   995 | D:2      | Reached XP level 4. HP: 41/41 MP: 5/5
  1259 | D:3      | HP: 2/41 [water moccasin zombie (5)]
  1264 | D:3      | Gained mutation: You are frail. (-10% HP) [potion of
                  | mutation]
  1264 | D:3      | Gained mutation: Your movements are slightly less
                  | encumbered by armour. (ER -2) [potion of mutation]
  1264 | D:3      | Gained mutation: You expend magic power (3 MP) to
                  | strengthen your wands. [potion of mutation]
  1508 | D:3      | Slain by an adder

Skill      XL: |  1  2  3 |
---------------+----------+-----
Invocations    | 1 |  1.2
Short Blades   | 1 |  1.1
Long Blades    | 1 |  1.1
Axes           | 1 |  1.1
Maces & Flails | 1 |  1.1
Staves         | 1 |  1.1
Slings         | 1 |  1.1
Bows           | 1 |  1.1
Crossbows      | 1 |  1.1
Throwing       | 1 |  1.1
Stealth        | 1 |  1.1
Shields        | 1 |  1.1
Unarmed Combat | 1 |  1.1
Spellcasting   | 1 |  1.1
Evocations     | 1 |  1.1
Fighting       | |  6.6
Polearms       | |  6.6
Armour         | |  4.6
Dodging        | |  2.7
Conjurations   | |  0.9
Hexes          | |  0.9
Charms         | |  0.9
Summonings     | |  0.9
Necromancy     | |  0.9
Translocations | |  0.9
Transmutations | |  0.9
Fire Magic     | |  0.9
Ice Magic      | |  0.9
Air Magic      | |  0.9
Earth Magic    | |  0.9
Poison Magic   | |  0.9

Action                   |  1- 3 |  4- 6 || total
-------------------------+-------+-------++-------
Melee: Spear             |    88 |       ||    88
       Bite              |     5 |     3 ||     8
       Punch             |     1 |     1 ||     2
       Mace              |     3 |    40 ||    43
Invok: Bend Time         |       |     1 ||     1
  Use: Potion            |       |     7 ||     7
       Scroll            |       |     5 ||     5
 Stab: Sleeping          |     5 |       ||     5
  Eat: Chunk             |       |     2 ||     2
Armor: Leather armour    |    16 |    35 ||    51
Dodge: Dodged            |    33 |    66 ||    99
